 Dungeon Crawl Stone Soup version 0.27-a0-1084-g78b3836a5f (webtiles) character file.

Game seed: 13689479236232316719

63 noodleboyJ the Skirmisher (level 3, -2/33 HPs)
             Began as a Draconian Chaos Knight on Apr 26, 2021.
             Was a Plaything of Xom.
             Slain by a merfolk (glowing shapeshifter) (12 damage)
             ... on level 3 of the Dungeon.
             The game lasted 00:02:30 (2009 turns).

noodleboyJ the Skirmisher (Draconian Chaos Knight)  Turns: 2009, Time: 00:02:30

Health: -2/33      AC:  6    Str: 15      XL:     3   Next: 89%
Magic:  3/3        EV: 12    Int: 12      God:    Xom [....*.]
Gold:   82         SH:  0    Dex:  6 (10) Spells: 2/2 levels left

rFire    . . .     SeeInvis .   e - +1 broad axe (venom)
rCold    . . .     Faith    .   (no shield)
rNeg     . . .     Spirit   .   (armour unavailable)
rPois    .         Reflect  .   (helmet restricted)
rElec    .         Harm     .   (no cloak)
rCorr    .         Rampage  .   (no gloves)
Will     .....                  (no boots)
Stlth    +.........             (no amulet)
HPRegen  0.11/turn              (no ring)
MPRegen  0.08/turn              (no ring)

@: no status effects
A: AC +5, unfitting armour, cold-blooded, horns 1, shaggy fur 1
a: Renounce Religion


You were on level 3 of the Dungeon.
You worshipped Xom.
You were a beloved toy of Xom.
You visited 1 branch of the dungeon, and saw 3 of its levels.

You collected 82 gold pieces.

Inventory:

Hand Weapons
 a - a +0 mace of chaos
 e - a +1 broad axe of venom (weapon)
Scrolls
 d - a scroll of fog
Potions
 b - a potion of attraction
 f - 6 potions of curing
 g - a potion of brilliance {unknown}


   Skills:
 + Level 3.9 Fighting
 + Level 0.6(2.3) Axes
 + Level 3.5(3.6) Maces & Flails
 + Level 2.9 Dodging
 + Level 0.5 Stealth


You had 2 spell levels left.
You didn't know any spells.
Your spell library was empty.

Dungeon Overview and Level Annotations

Branches:
Dungeon (3/15)

Altars:


Innate Abilities, Weirdness & Mutations

Your plain brown scales are hard. (AC +5)
You cannot fit into any form of body armour.
You are cold-blooded and may be slowed by cold attacks.
You have a pair of small horns on your head.
You are covered in fur. (AC +1)


Message History

The orc hits you but does no damage.
You hit the yaktaur.
The yaktaur is poisoned.
The yaktaur is lightly wounded.
You hit the orc.
The orc is poisoned.
You hit the orc.
The orc is poisoned.
You closely miss the orc.
You kill the orc! x2
The orc closely misses you.
The yaktaur picks up a +0 club.
The yaktaur wields a +0 club.
You barely miss the yaktaur.
The yaktaur is lightly wounded.
You barely miss the orc. The orc hits you but does no damage.
The yaktaur hits you but does no damage.
The orc barely misses you.
You slash the yaktaur!
The yaktaur looks as sick as possible!
The yaktaur is moderately wounded.
You hit the orc.
You kill the orc!
The yaktaur hits you with a +0 club. The yaktaur barely misses you.
You hit the yaktaur.
The yaktaur is heavily wounded.
The yaktaur closely misses you.
You barely miss the yaktaur.
The yaktaur is heavily wounded.
The yaktaur hits you but does no damage.
The yaktaur closely misses you.
You barely miss the yaktaur. You tail-slap the yaktaur.
The yaktaur is severely wounded.
The yaktaur changes into an elephant!
You slash the elephant!
The elephant is poisoned.
The elephant is lightly wounded.
The elephant tramples you!
You stumble backwards!
You hit the elephant but do no damage.
The elephant is lightly wounded.
The elephant changes into a merfolk!
You closely miss the merfolk. You headbutt the merfolk.
Your tail-slap misses the merfolk.
The merfolk is lightly wounded.
The merfolk hits you!
You die...
Xom chortles!

#. #.#........
##.####+#........
#######.#.............
........#.............
........#.............
........#.............
........#.............
......))#.............
......)m@.....#####+##
......)..###+##
.......#.# .......#..
.......##.. .......
... ....... ....
....... .....


You could see a merfolk shaped shifter.

Vanquished Creatures
  3 orcs (D:3)
  3 endoplasms
  13 giant cockroaches
  5 goblins
  4 hobgoblins
  5 jackals (D:1)
  2 kobolds (D:1)
  5 ball pythons
  4 bats
  2 frilled lizards
  A rat (D:1)
47 creatures vanquished.

Notes
Turn   | Place    | Note
-------+----------+-------------------------------------------
     0 | D:1      | noodleboyJ the Draconian Chaos Knight began the quest for
                  | the Orb.
     0 | D:1      | Reached XP level 1. HP: 19/19 MP: 1/1
   180 | D:1      | Reached XP level 2. HP: 26/26 MP: 2/2
   339 | D:1      | XOM: divination: detect creatures
   482 | D:1      | XOM: cloud trail
   848 | D:1      | XOM: 2-stop teleportation journey
  1048 | D:1      | Reached XP level 3. HP: 18/33 MP: 3/3
  1147 | D:1      | XOM: summons 2 hostile demons
  1404 | D:1      | XOM: god gift: +1 vorpal broad axe
  1457 | D:1      | XOM: give mutations
  1457 | D:1      | Gained mutation: You have a pair of small horns on your
                  | head. [Xom's grace]
  1457 | D:1      | Gained mutation: You are covered in fur. (AC +1) [Xom's
                  | grace]
  1489 | D:1      | Found a faded altar of an unknown god.
  1680 | D:2      | XOM: god gift: rapier {god gift}
  1684 | D:2      | XOM: god gift: 26 gold pieces
  1999 | D:3      | Noticed a glowing shapeshifter
  1999 | D:3      | an orc changed into a glowing shapeshifter
  1999 | D:3      | XOM: polymorph orc -> glowing shapeshifter
  1999 | D:3      | Noticed a moth of wrath
  1999 | D:3      | a glowing shapeshifter changed into a moth of wrath
  2000 | D:3      | Noticed a yaktaur
  2000 | D:3      | a moth of wrath changed into a yaktaur
  2006 | D:3      | Noticed an elephant
  2006 | D:3      | a yaktaur changed into an elephant
  2008 | D:3      | Noticed a merfolk
  2008 | D:3      | an elephant changed into a merfolk
  2009 | D:3      | Slain by a merfolk (glowing shapeshifter)

Illustrated notes

Levels and vault maps discovered:
D:1:      dpeg_arrival_shelter, layout_loops_ring,
          hellmonk_ecumenical_altar_inner_sanctum, minmay_split_cup_large
D:2:      minmay_roachtagon, layout_basic, basic_altar, minmay_pentomino_p4
D:3:      kennysheep_big_flooded_room, layout_basic, portal_sewer_entry_f,
          gammafunk_ghost_nasty_kobolds, uniq_ijyb

Action                   || total
-------------------------++-------
Melee: Mace              ||   100
       Tailslap          ||     7
       Broad axe         ||    69
       Headbutt          ||     5
  Use: Scroll            ||     4
       Potion            ||     2
 Stab: Paralysed         ||     1
Armor: Skin              ||   131
Dodge: Dodged            ||   216

Table legend: (Time is in decaauts)
 A = Elapsed time spent in this place.
 B = Non-inter-level travel time spent in this place.
 C = Inter-level travel time spent in this place.
 D = Time resting spent in this place.
 E = Time spent auto-exploring this place.
 F = Levels seen in this place.
 G = Mean time per level.
                   A        B        C        D        E       F      G
               +--------+--------+--------+--------+--------+-----+--------+
         Total |   2065 |   2050 |     15 |    219 |   1503 |   3 |  688.3 |
       Dungeon |   2065 |   2050 |     15 |    219 |   1503 |   3 |  688.3 |
               +--------+--------+--------+--------+--------+-----+--------+

Top non-repeatable levels by time:
     D:1: 1604 daAuts
     D:2: 424 daAuts
     D:3: 36 daAuts
